Map: Orbital Shipyard

Players

Nuckzer

  • Race: Zerg Zerg
  • League: Diamond

turboD - Winner!

  • Race: Protoss Protoss
  • League: Master

VOD

Have the link to the VOD?

Description

Time

  • Played on: Feb. 10, 2016, 8:35 p.m.
  • Length: 19:09
Show
View Real Time Build Order
Export as new Build Order

Nuckzer Zerg 

Build Orders: Hatch First, Lurkers 

Get SALT Encoding   

  12  0:01  Drone  
  13  0:08  Drone  
  14  0:19  Extractor, Drone  
  15  0:34  Overlord  
  15  0:42  Extractor  
  14  0:44  Extractor, Drone  
  16  0:56  Hatchery  
  16  0:57  Drone x2  
  17  1:12  Spawning Pool  
  17  1:13  Drone  
  17  1:19  Extractor, Drone  
  17  1:28  Drone  
  17  1:30  Drone  
  19  1:40  Overlord  
  19  1:52  Drone  
  20  1:59  Queen  
  22  2:02  Zergling x2  
  22  2:08  Queen  
  23  2:13  Zergling x2  
  23  2:14  Drone  
  27  2:24  Metabolic Boost  
  27  2:34  Hatchery  
  26  2:38  Drone x2  
  28  2:50  Drone x3  
  31  2:54  Overlord  
  31  3:00  Drone x2  
  33  3:08  Drone x2  
  33  3:09  Drone  
  36  3:23  Drone x4  
  36  3:24  Drone x2  
  42  3:28  Overlord  
  42  3:37  Roach Warren  
  42  3:40  Drone x3  
  44  3:48  Evolution Chamber  
  44  3:51  Evolution Chamber  
  42  4:10  Spore Crawler  
  42  4:12  Queen, Spore Crawler  
  42  4:14  Lair  
  42  4:18  Zergling x10  
  42  4:19  Zergling x2  
  42  4:22  Queen  
  50  4:26  Extractor  
  50  4:27  Extractor, Zerg Melee Weapons Level 1  
  48  4:38  Extractor  
  45  4:47  Drone  
  45  4:48  Drone x11  
  56  5:05  Spore Crawler  
  54  5:07  Overlord x3  
  54  5:25  Hydralisk Den  
  53  5:29  Drone x4  
  53  5:30  Drone x6  
  63  5:45  Zerg Ground Armor Level 1  
  63  6:03  Drone x2  
  63  6:04  Drone x2  
  65  6:05  Overlord x2  
  65  6:07  Overlord x2  
  65  6:10  Muscular Augments  
  65  6:28  Hydralisk  
  65  6:29  Hydralisk x5  
  77  6:42  Extractor, Drone x8  
  77  6:43  Extractor, Drone  
  77  6:44  Drone x2  
  86  6:47  Hatchery  
  86  6:49  Zerg Melee Weapons Level 2  
  86  6:51  Drone  
  86  7:15  Drone x3  
  89  7:17  Overlord  
  89  7:18  Overlord x4  
  89  7:20  Lurker Den  
  89  7:37  Overseer  
  89  7:57  Hydralisk x9  
  89  7:58  Hydralisk x3  
  109  8:03  Hatchery  
  112  8:06  Zerg Ground Armor Level 2  
  112  8:08  Queen  
  112  8:12  Hydralisk  
  114  8:13  Hydralisk x5  
  114  8:16  Zergling x2  
  127  8:33  Zergling x2  
  134  8:34  Zergling x14  
  134  8:38  Baneling Nest  
  133  8:49  Pneumatized Carapace  
  133  8:51  Lurker x2  
  133  8:54  Overlord x4  
  133  8:55  Overlord x2  
  135  9:12  Overlord  
  135  9:13  Overlord  
  135  9:16  Lurker  
  135  9:17  Lurker x5  
  139  9:20  Zergling x2  
  139  9:21  Zergling x22  
  153  9:27  Zergling x12  
  153  9:28  Zergling x2, Spore Crawler  
  153  9:29  Spine Crawler  
  153  9:30  Spine Crawler  
  157  9:36  Infestation Pit  
  152  9:53  Zergling x2  
  152  9:54  Zergling x24  
  153  10:28  Hive  
  148  10:41  Zergling x2  
  148  10:42  Zergling x34  
  157  10:57  Hatchery  
  156  11:05  Spore Crawler  
  156  11:06  Spine Crawler x2  
  156  11:09  Zergling x16  
  161  11:12  Hatchery  
  113  12:09  Zergling x14  
  113  12:10  Zergling x2  
  88  12:23  Hydralisk x2  
  61  12:44  Spire  
  61  12:47  Ultralisk Cavern  
  61  12:50  Hydralisk x5  
  61  12:56  Evolution Chamber  
  61  12:57  Evolution Chamber  
  45  13:21  Zergling x2  
  45  13:22  Zergling x12  
  48  13:29  Lurker x2  
  48  13:30  Hydralisk x2  
  48  13:34  Lurker x2  
  56  13:42  Overseer  
  53  14:06  Lurker x2  
  54  14:11  Zergling x14  
  54  14:12  Baneling  
  54  14:13  Baneling x6  
  61  14:21  Hydralisk  
  63  14:26  Hydralisk x3  
  58  14:47  Hydralisk  
  58  14:48  Hydralisk  
  58  14:52  Zergling x2  
  61  15:06  Drone  
  61  15:07  Drone x4  
  55  15:21  Zergling x4  
  55  15:22  Zergling x4  
  58  15:46  Zergling x10  
  62  15:55  Ultralisk Cavern  
  61  15:59  Drone x2  
  63  16:29  Zergling x2  
  63  16:30  Zergling x10  
  65  16:51  Mutalisk x2  
  66  16:58  Mutalisk x3  
Show
View Real Time Build Order
Export as new Build Order

turboD Protoss - Winner!

Build Orders: Nexus First, Oracle Opening, Zealot Archon 

Get SALT Encoding   

  12  0:00  Probe (Chrono Boost)  
  13  0:11  Probe (Chrono Boost)  
  14  0:17  Pylon  
  14  0:22  Probe (Chrono Boost)  
  15  0:36  Probe (Chrono Boost)  
  16  0:46  Probe (Chrono Boost)  
  17  1:01  Nexus  
  17  1:13  Probe (Chrono Boost)  
  17  1:15  Gateway  
  18  1:23  Assimilator  
  18  1:24  Probe (Chrono Boost)  
  19  1:29  Pylon  
  19  1:35  Probe (Chrono Boost)  
  20  1:45  Probe (Chrono Boost)  
  21  1:48  Assimilator  
  21  1:56  Probe (Chrono Boost)  
  22  2:02  Zealot  
  22  2:04  Cybernetics Core  
  22  2:06  Probe (Chrono Boost)  
  25  2:13  Probe (Chrono Boost)  
  26  2:21  Probe (Chrono Boost)  
  27  2:24  Probe (Chrono Boost)  
  28  2:31  Probe (Chrono Boost)  
  28  2:34  Assimilator  
  29  2:38  Probe (Chrono Boost)  
  29  2:42  Assimilator  
  30  2:45  Stargate  
  30  2:47  Stalker (Chrono Boost)  
  30  2:51  Warp Gate  
  32  2:59  Probe x2  
  32  3:02  Pylon  
  34  3:11  Probe x2 (Chrono Boost)  
  36  3:23  Probe (Chrono Boost)  
  36  3:25  Probe (Chrono Boost)  
  38  3:29  Pylon  
  38  3:31  Oracle (Chrono Boost)  
  38  3:33  Probe  
  42  3:35  Probe, Sentry  
  45  3:45  Probe x2  
  47  3:53  Gateway  
  47  3:57  Mothership Core (Chrono Boost)  
  47  3:59  Gateway  
  49  4:04  Phoenix  
  51  4:13  Probe (Chrono Boost)  
  51  4:17  Probe (Chrono Boost)  
  53  4:21  Pylon  
  53  4:23  Probe (Chrono Boost)  
  54  4:27  Probe (Chrono Boost)  
  55  4:34  Probe (Chrono Boost)  
  55  4:35  Pylon  
  55  4:38  Probe (Chrono Boost)  
  57  4:50  Probe (Chrono Boost)  
  57  4:51  Nexus  
  58  4:59  Pylon  
  58  5:02  Pylon  
  58  5:17  Probe x2 (Chrono Boost)  
  60  5:27  Robotics Facility  
  60  5:28  Forge, Probe (Chrono Boost)  
  61  5:29  Twilight Council  
  61  5:30  Probe (Chrono Boost)  
  61  5:31  Pylon  
  61  5:33  Gateway  
  61  5:34  Gateway  
  62  5:38  Probe (Chrono Boost)  
  62  5:40  Sentry  
  62  5:41  Stalker x2  
  69  5:48  Probe (Chrono Boost)  
  70  5:54  Probe (Chrono Boost)  
  71  5:58  Probe (Chrono Boost)  
  72  6:04  Stalker x3  
  72  6:06  Protoss Ground Weapons Level 1 (Chrono Boost)  
  72  6:07  Charge  
  78  6:11  Templar Archives  
  78  6:14  Probe x2 (Chrono Boost)  
  81  6:18  Observer  
  81  6:25  Probe x3 (Chrono Boost)  
  84  6:27  Assimilator  
  84  6:32  Forge, Assimilator  
  84  6:34  Photon Cannon  
  84  6:38  Photon Cannon  
  84  6:44  Probe x3 (Chrono Boost)  
  87  6:50  Immortal  
  87  6:51  Psionic Storm  
  91  6:54  High Templar, Probe (Chrono Boost)  
  91  6:55  High Templar x2  
  91  6:56  High Templar  
  91  6:57  Probe (Chrono Boost)  
  101  7:12  Probe x2 (Chrono Boost)  
  101  7:14  Zealot  
  101  7:15  Archon x2  
  102  7:21  Protoss Ground Armor Level 1 (Chrono Boost)  
  102  7:23  Gateway  
  102  7:24  Gateway  
  102  7:26  Gateway  
  102  7:30  Void Ray  
  102  7:31  Pylon  
  102  7:32  Immortal  
  102  7:33  Pylon  
  110  7:41  Zealot x2  
  113  7:52  Zealot x3  
  113  7:56  Blink  
  119  8:10  Probe  
  119  8:11  Warp Prism, Probe  
  123  8:18  Void Ray  
  127  8:22  Pylon  
  127  8:23  Zealot x3, Protoss Ground Weapons Level 2 (Chrono Boost)  
  133  8:30  Pylon  
  133  8:31  Pylon  
  133  8:35  Pylon  
  133  8:44  Pylon  
  133  8:47  Stalker x4  
  133  8:48  Immortal  
  144  8:55  Pylon  
  144  9:04  Zealot x4  
  152  9:13  High Templar  
  152  9:14  High Templar x3  
  160  9:21  Nexus  
  160  9:22  Pylon  
  160  9:24  Assimilator  
  160  9:27  Immortal  
  160  9:29  Assimilator  
  160  9:30  Pylon  
  164  9:32  Zealot, Pylon  
  164  9:33  Zealot x3  
  171  9:49  High Templar x2  
  171  9:50  High Templar x2  
  179  9:56  Photon Cannon  
  179  9:57  Photon Cannon  
  179  10:07  Observer  
  179  10:13  Zealot  
  179  10:14  Zealot x3  
  187  10:28  Observer  
  184  10:47  Dark Shrine  
  184  10:49  Immortal  
  164  10:52  High Templar  
  164  10:53  High Templar x4  
  164  10:56  Zealot x3  
  180  11:01  Nexus, Archon  
  180  11:02  Archon x4  
  180  11:04  Pylon  
  180  11:17  Zealot x3  
  186  11:27  Zealot  
  188  11:33  Photon Cannon  
  188  11:34  Photon Cannon  
  188  11:36  Photon Cannon  
  188  11:37  Pylon  
  188  11:39  Photon Cannon  
  188  11:40  Pylon  
  188  11:41  Protoss Ground Armor Level 2 (Chrono Boost), Photon Cannon x2, Protoss Ground Weapons Level 3 (Chrono Boost)  
  188  11:43  Photon Cannon  
  188  11:46  Photon Cannon  
  184  11:48  Pylon  
  184  11:49  Pylon  
  174  11:54  Observer  
  169  12:08  Zealot x4  
  167  12:09  Zealot  
  155  12:16  Observer  
  156  12:31  Assimilator  
  156  12:33  Zealot  
  156  12:34  Zealot x5  
  156  12:35  Zealot  
  162  13:03  Gateway x2  
  162  13:06  Zealot x2  
  162  13:07  Zealot x5, Gateway  
  162  13:08  Gateway  
  174  13:16  Immortal  
  174  13:20  Void Ray  
  176  13:32  Stalker x3  
  176  13:33  Stalker x2  
  186  13:40  Zealot x2  
  186  13:56  Immortal  
  188  14:02  Void Ray  
  188  14:05  Protoss Shields Level 1 (Chrono Boost)  
  188  14:06  Protoss Ground Armor Level 3 (Chrono Boost)  
  182  14:12  High Templar x3  
  182  14:13  High Templar x4  
  196  14:35  Observer  
  191  14:46  Nexus  
  191  14:49  Assimilator  
  191  14:51  Assimilator  
  191  14:52  Zealot x5  
  197  14:54  Pylon  
  183  15:26  Stalker x2  
  183  15:27  Stalker x5  
  183  15:28  Stalker x3  
  199  16:08  Photon Cannon  
  199  16:10  Photon Cannon  
  199  16:11  Photon Cannon  
  199  16:14  Photon Cannon x2  
  199  16:15  Pylon  
  191  16:46  Dark Templar x4  
  199  16:54  Photon Cannon  
  199  16:57  Photon Cannon  
  199  17:00  Photon Cannon  
  198  17:02  Photon Cannon  
  198  17:03  Mothership Core  
  198  17:04  Photon Cannon  
  198  17:08  Pylon  
  198  18:18  Stalker  
  199  18:35  Probe  
  200  18:50  Pylon  
  200  18:53  Pylon  
  198  19:02  Pylon  
  193  19:04  Pylon  
  193  19:05  Pylon  
Tags
 
Add a new tag
Caveats
  • Supply blocks, unpowered buildings, or Contaminate may cause inaccurate times.
  • Supply counts are checked every 10 seconds.